Rayston, chaotic male orcish Barbarian ------- |.#....n |@Y...| -.----- ## # --------- # ################........| ########### # # |..<....| . # # # |.......| ... # # +...(...| ....... # # --------- .$....... # # ........+.. ########### ------------- -.---- |...<| |...*| |....| ------ Rayston the Pillager Experience level: 3 Strength: 17 Dexterity: 18 Constitution: 18 Intelligence: 8 Wisdom: 7 Charisma: 7 Health: 0(34) Energy: 5(5) Def: 7 Gold: 407 Moves: 1936 Dungeon seed: mwu48UCjaqNqM1su Game ID: Rayston_1501170272 Your Inventory: Coins $ - 407 gold pieces Weapons a - an uncursed corroded +0 two-handed sword (alternate weapon; not wielded) b - an uncursed +0 axe (weapon in hand) l - an uncursed +0 knife (in quiver) p - a blessed +3 dwarvish spear named Spear of Legend Armor e - an uncursed +0 orcish ring mail (being worn) n - an uncursed +0 pair of leather gloves (being worn) r - an uncursed +0 dwarvish iron helm (being worn) z - a blessed +0 pair of iron shoes (being worn) Comestibles d - 3 uncursed tripe rations Scrolls h - 2 uncursed scrolls of light j - an uncursed scroll of remove curse k - an uncursed scroll of teleportation u - an uncursed scroll of identify Spellbooks x - an uncursed spellbook of turn undead Potions v - a blessed potion of object detection Rings s - an uncursed ring of fire resistance w - an uncursed ring of sustain ability Spells and supernatural/magical abilities: Name Level Category Fail Memory W - pray for help -- divine ? -- Your skills at the end: Miscellaneous Skills bare handed combat [Basic] stealth [Basic] Weapon Skills axe [Basic] two-handed sword [Basic] Spellcasting Skills Final Attributes: You were piously aligned. You were poison resistant. You had infravision. You were somewhat stealthy. You are dead. Vanquished creatures: a kitten a dwarf an iguana a jitterbug a giant bat an acid blob a gecko 4 giant rats a yellow mold 2 jackals a grid bug a bat a lichen 17 creatures vanquished. Voluntary challenges: You did not adorn yourself with jewelry or accessories. You did not cause conflict. You were not invisible. You did not have reflection. You were not displaced. You used a wielded weapon 33 times, starting on turn 59. You did not apply a unicorn horn. You did not use plumbed fixtures. You did not drink any magical draughts. You were illiterate. You never genocided any monsters. You never polymorphed an object. You never changed form. You used no wishes. You never split a pudding. You never wrote Elbereth's name. You never violated your personal moral code. Dungeon overview: The Dungeons of Doom: levels 1 to 9 Level 1 a fountain a long staircase Level 2 Level 3 Level 4 some fountains Level 5 Level 6 Level 7 an altar to Crom, some fountains Level 8 Level 9 <- You were here a sink stairs to Sokoban Sokoban: Level 8 a magic chest stairs to The Dungeons of Doom History has recorded: On T:1 you entered the Dungeons of Doom to retrieve the Amulet of Yendor! On T:176 you reached level 2 of The Dungeons of Doom. On T:571 you reached level 3 of The Dungeons of Doom. On T:795 you reached level 4 of The Dungeons of Doom. On T:864 you reached level 5 of The Dungeons of Doom. On T:876 you advanced to experience level 2. On T:1192 you advanced to experience level 3. On T:1381 you reached level 6 of The Dungeons of Doom. On T:1403 you reached level 7 of The Dungeons of Doom. On T:1688 you reached level 9 of The Dungeons of Doom. On T:1699 you reached level 4 of Sokoban. On T:1885 you reached level 8 of The Dungeons of Doom. On T:1892 you prayed to Set. Score breakdown: Gold: 407 ( 40 points) Experience: 3 levels ( 200 points) Exploration: 9 levels ( 240 points) Discoveries: 9 items ( 450 points) Variety of kills: 13 monsters ( 650 points) Major goal: (nothing yet) ( 0 points) Survival: died (score multiplied by 3) Total score: 4740 Latest messages: The homunculus deliberately flies onto a polymorph trap! The fire ant starts to attack you, but pulls back. (3x) You feel that Set is well-pleased. You feel much better. You smite the fire ant! The fire ant bites! (2x) You're on fire! The fire ant bites! The fire ant misses. You smite the fire ant! The fire ant bites! The fire ant misses. (3x) The fire ant bites! (2x) You see here a tan spellbook. x - a tan spellbook. You see here 8 rocks. You stop exploring. The beautiful wood nymph seduces you and you take off your cloak. She stole an uncursed +0 dwarvish cloak. You hear bubbling water. $ - 61 gold pieces. You smite the ape. The ape claws you! (2x) The ape bites! You die... Final status: Goodbye Rayston the Barbarian, killed by an ape... You died in The Dungeons of Doom on dungeon level 9 with 4740 points, and 407 pieces of gold, after 1936 moves. You were level 3 with a maximum of 34 hit points when you died.